 Dungeon Crawl Stone Soup version 0.29.0 (webtiles) character file.

Game seed: 14257945063539409569

270 LynnLen the Vexing (level 6, -1/36 HPs)
             Began as a Vampire Enchanter on Aug 25, 2022.
             Was an Initiate of Dithmenos.
             Slain by an orc
             ... wielding a +0 club
              (4 damage)
             ... on level 3 of the Dungeon.
             The game lasted 00:10:07 (2919 turns).

LynnLen the Vexing (Vampire Enchanter)              Turns: 2919, Time: 00:10:07

Health: -1/36      AC:  6    Str:  7    XL:     6   Next: 1%
Magic:  10/10      EV: 11    Int: 20    God:    Dithmenos [......]
Gold:   107        SH:  0    Dex: 14    Spells: 2/10 levels left

rFire   + . .      SeeInvis +   a - +1 dagger
rCold   + + +      Faith    .   (no shield)
rNeg    + + +      Spirit   .   o - +0 troll leather armour
rPois   ∞          Reflect  .   (no helmet)
rElec   .          Harm     .   (no cloak)
rCorr   .          Rampage  .   q - +1 pair of gloves of the Abyss {rF+ rC+}
Will    .....                   (no boots)
Stlth   ++++......              (no amulet)
HPRegen 0.00/turn               (no ring)
MPRegen 0.12/turn               (no ring)

@: bloodless, inhibited regen
A: bloodless, fangs 3, see invisible, vampiric 2
a: Bat Form, Revivify, Renounce Religion


You were on level 3 of the Dungeon.
You worshipped Dithmenos.
Dithmenos was noncommittal.
You visited 1 branch of the dungeon, and saw 3 of its levels.

You collected 107 gold pieces.

Inventory:

Hand Weapons
 a - a +1 dagger (weapon)
Missiles
 d - 5 atropa-tipped darts
 e - 25 stones
 n - 6 poisoned darts
Armour
 b - a +0 robe
 o - a +0 troll leather armour (worn)
 q - the +1 pair of gloves of the Abyss (worn) {rF+ rC+}
   (You found it on level 2 of the Dungeon)

   rF:        It protects you from fire.
   rC:        It protects you from cold.
 r - a +0 cloak
Jewellery
 k - a ring of flight
Scrolls
 c - a scroll of summoning {unknown}
 f - a scroll of identify {unknown}
 g - 2 scrolls of fear {unknown}
 l - a scroll of immolation {unknown}
 p - 2 scrolls of amnesia {unknown}
Potions
 h - a potion of mutation {unknown}
 i - a potion of lignification {unknown}
 j - 4 potions of curing {unknown}
 m - a potion of flight {unknown}


   Skills:
 + Level 2.9 Fighting
 - Level 1.1 Short Blades
 - Level 2.1 Dodging
 - Level 4.4 Stealth
 + Level 2.9 Spellcasting
 + Level 6.5 Hexes
 + Level 1.6 Ice Magic
 + Level 1.4 Invocations


You had 2 spell levels left.
You knew the following spells:

 Your Spells              Type           Power      Damage    Failure   Level
a - Ensorcelled Hibernat  Hex/Ice        38%        N/A       6%          2
b - Confusing Touch       Hex            28%        N/A       4%          3
c - Tukima's Dance        Hex            28%        N/A       4%          3

Your spell library contained the following spells:

 Spells                   Type           Power      Damage    Failure   Level
 Beastly Appendage        Tmut           4%         N/A       22%         1
 Summon Small Mammal      Summ           8%         N/A       22%         1
 Sublimation of Blood     Necr           2%         N/A       32%         2
 Wereblood                Tmut           2%         N/A       32%         2
 Dazzling Flash           Conj/Hex       30%        N/A       17%         3
 Summon Guardian Golem    Hex/Summ       15%        N/A       17%         3
 Call Canine Familiar     Summ           2%         N/A       54%         3
 Spider Form              Tmut/Pois      2%         N/A       54%         3
 Summon Hydra             Summ           1%         N/A       100%        7


Dungeon Overview and Level Annotations

Branches:
Dungeon (3/15)

Altars:
Dithmenos

Shops:
D:2 :

Annotations:
D:3 3 runed translucent doors, gelatine's ghost, weakling DsGl


Innate Abilities, Weirdness & Mutations

You do not regenerate when monsters are visible.
You are frail without blood (-20% HP).
You can heal yourself when you bite living creatures.
You are immune to poison.
You have razor-sharp teeth.
You have supernaturally acute eyesight. (SInv)
You are afflicted with vampirism and can become a bat while bloodless.


Message History

The orc hits you with a +0 club.
You closely miss the orc.
The orc is heavily wounded.
The orc hits you but does no damage.
The orc priest shouts!
You hit the orc but do no damage.
The orc is heavily wounded.
You hear a shout!
The orc hits you with a +0 club.
You hit the orc.
The orc is almost dead.
The orc hits you but does no damage.
You hit the orc but do no damage. You bite the orc, but do no damage.
The orc is almost dead.
The orc barely misses you.
You closely miss the orc.
The orc is severely wounded.
The orc barely misses you.
You hit the orc but do no damage.
The orc is severely wounded.
The orc hits you with a +0 club.
You barely miss the orc.
The orc is severely wounded.
The orc hits you but does no damage.
You hit the orc but do no damage.
The orc is severely wounded.
The orc closely misses you.
You hit the orc.
The orc is almost dead.
The orc closely misses you.
The orc priest calls down the wrath of Beogh upon you.
Beogh smites you!
* * * LOW HITPOINT WARNING * * *
You hit the orc but do no damage.
The orc is almost dead.
The orc closely misses you.
You hit the orc but do no damage.
The orc is almost dead.
The orc hits you with a +0 club.
You die...

.S...#.##### #.# ###..#.# #.#
#..#.# #.# #..#o### #.# #..#...##
#.# #..#.#..# #.# #.......##
####.# ##....PP..##########
#..... #...P.PP....ooo@...#
#..... #........P.#######.#
#..... #...P.8....# .# #.....
##..P.....P.### ############.....
.....P...P....#.#.#W#.....####.##
...........#.##.....#..#........#
.....[.....#.###$..Z+..#.#####..#
..<....#...#.##.(..Z+....# #..#
...........#.###...Z+....# #..#


You could see an orc priest and 2 orcs.

Vanquished Creatures
  Sigmund (D:3)
  2 adders
  A worm (D:2)
  6 orcs (D:3)
  8 ball pythons
  A bat zombie (D:2)
  An endoplasm (D:2)
  4 giant cockroaches
  5 hobgoblins
  17 jackals
  3 kobolds
  2 quokkas (D:1)
  A ball python skeleton (D:2)
  A ball python zombie (D:2)
  4 bats
  A frilled lizard (D:1)
  A giant cockroach zombie (D:2)
  9 goblins
  6 rats
74 creatures vanquished.

Vanquished Creatures (others)
  13 fungi
  6 plants (D:1)
  2 withered plants (D:2)
21 creatures vanquished.

Grand Total: 95 creatures vanquished

Notes
Turn   | Place    | Note
-------+----------+-------------------------------------------
     0 | D:1      | LynnLen the Vampire Enchanter began the quest for the Orb.
     0 | D:1      | Reached XP level 1. HP: 13/13 MP: 3/3
   307 | D:1      | Reached skill level 1 in Fighting
   307 | D:1      | Reached XP level 2. HP: 8/21 MP: 5/5
   499 | D:1      | Reached skill level 5 in Hexes
   521 | D:1      | Learned a level 2 spell: Ensorcelled Hibernation
   784 | D:1      | Found a faded altar of an unknown god.
   824 | D:1      | Gained mutation: You are afflicted with vampirism and can
                  | become a bat while bloodless. [Vampire growth]
   824 | D:1      | Reached XP level 3. HP: 19/26 MP: 6/6
   873 | D:1      | Learned a level 3 spell: Confusing Touch
  1401 | D:2      | Found Buojef's Book Emporium.
  1833 | D:2      | Reached XP level 4. HP: 26/26 MP: 7/7
  2141 | D:2      | Found a shadowy altar of Dithmenos.
  2142 | D:2      | Identified the +1 pair of gloves of the Abyss {rF+ rC+}
  2268 | D:2      | Became a worshipper of Dithmenos the Shadowed
  2459 | D:3      | Noticed Sigmund
  2519 | D:3      | Killed Sigmund
  2520 | D:3      | Reached skill level 6 in Hexes
  2520 | D:3      | Reached skill level 1 in Ice Magic
  2520 | D:3      | Reached skill level 1 in Invocations
  2520 | D:3      | Reached XP level 5. HP: 29/32 MP: 1/9
  2524 | D:3      | Learned a level 3 spell: Tukima's Dance
  2663 | D:3      | Found a runed translucent gate.
  2663 | D:3      | Found a runed translucent gate.
  2663 | D:3      | Found a runed translucent gate.
  2664 | D:3      | Noticed gelatine's ghost (weakling DsGl)
  2736 | D:3      | Reached XP level 6. HP: 36/36 MP: 10/10
  2919 | D:3      | Slain by an orc

Illustrated notes

Levels and vault maps discovered:
D:1:      dpeg_arrival_arbitrary_a, layout_loops_ring,
          shapermc_ecumenical_altar_mp_urbaneastern,
          chequers_serial_rivers_room_a
D:2:      layout_basic, serial_undead, serial_undead_a, serial_undead_e,
          serial_undead_f, serial_undead_e, serial_undead_a, serial_shops, shop,
          basic_altar
D:3:      layout_loops_ring, gammafunk_ghost_necromancy,
          dreamdust_mushroom_princess, st_stairs_13, uniq_crazy_yiuf_cottage,
          uniq_sigmund

Skill      XL: |  1  2  3  4 |
---------------+-------------+-----
Fighting       | 1 2 |  2.9
Hexes          | 5 6 |  6.5
Ice Magic      | 1 |  1.6
Invocations    | 1 |  1.4
Short Blades   | |  1.1
Dodging        | |  2.1
Stealth        | |  4.4
Spellcasting   | |  2.9

Action                   |  1- 3 |  4- 6 || total
-------------------------+-------+-------++-------
Melee: Dagger            |   138 |    93 ||   231
       Bite              |     8 |    11 ||    19
       Punch             |     1 |     3 ||     4
 Cast: Ensorcelled Hiber |     8 |    10 ||    18
       Confusing Touch   |     1 |       ||     1
 Abil: Exsanguinate      |     1 |       ||     1
  Use: Potion            |     2 |       ||     2
 Stab: Sleeping          |    20 |    10 ||    30
       Distracted        |     1 |       ||     1
       Confused          |     1 |       ||     1
Armor: Robe              |    27 |     9 ||    36
       Troll leather arm |       |    34 ||    34
Dodge: Dodged            |   102 |    51 ||   153
